 Dungeon Crawl Stone Soup version 0.20-a0-823-gdec668e (webtiles) character file.

100061 kuniqs the Warrior (level 15, -3/145 HPs)
             Began as a Minotaur Monk on Mar 5, 2017.
             Was the Champion of Wu Jian.
             Slain by a spriggan rider
             ... wielding a +4 spear
              (9 damage)
             ... on level 2 of the Swamp on Mar 7, 2017.
             The game lasted 01:19:48 (24813 turns).

kuniqs the Warrior (Minotaur Monk)                 Turns: 24813, Time: 01:19:48

Health: -3/145     AC: 18    Str: 27    XL:     15   Next: 79%
Magic:  23/23      EV: 22    Int: 11    God:    Wu Jian [******]
Gold:   2118       SH:  0    Dex: 18    Spells: 14/14 levels left

rFire    + + .     SeeInvis .   p - +2 battleaxe (flame)
rCold    . . .     Gourm    .   w - +1 scale mail of Insecurity {*Drain rElec rF++ Str+4}
rNeg     . . .     Faith    .   (shield currently unavailable)
rPois    +         Spirit   .   (helmet restricted)
rElec    +         Reflect  .   s - +2 cloak
rCorr    .         Harm     .   h - +0 pair of gloves
MR       +....     Clarity  +   (no boots)
Stlth    +.........             n - amulet of rage
Regen    0.4/turn               q - +2 ring of protection (curse)
MPRegen  0.2/turn               S - ring "Nopumifa" {rPois MP+9 Str+4 Int+4}

@: about to teleport, slowed, very slow
A: retaliatory headbutt, horns 2, agile 1, blink, clarity
a: Blink, Serpent's Lash, Heaven On Earth, Renounce Religion, Evoke Berserk Rage


You were on level 2 of the Swamp.
You worshipped Wu Jian.
Wu Jian was exalted by your worship.
You were not hungry.

You visited 5 branches of the dungeon, and saw 26 of its levels.
You also visited: Labyrinth, Bailey and Volcano.

You collected 2387 gold pieces.
You spent 269 gold pieces at shops.

Inventory:

Hand Weapons
 a - a +1 battleaxe of freezing
 p - a +2 battleaxe of flaming (weapon)
 P - a +2 broad axe of electrocution
Missiles
 r - 9 throwing nets (quivered)
Armour
 h - a +0 pair of gloves (worn)
 s - a +2 cloak (worn)
 v - a +2 shield
 w - the +1 scale mail of Insecurity (worn) {*Drain rElec rF++ Str+4}
   (You found it on level 8 of the Dungeon)

   It affects your strength (+4).
   It greatly protects you from fire.
   It insulates you from electricity.
   It causes draining when unequipped.
 Q - the +4 chain mail of Vanity {rF++ Int-5 Dex+2}
   (You found it on level 1 of the Lair of Beasts)

   It affects your intelligence (-5).
   It affects your dexterity (+2).
   It greatly protects you from fire.
Jewellery
 m - an uncursed ring of resist corrosion
 n - an amulet of rage (around neck)
 q - a cursed +2 ring of protection (right hand)
 L - an uncursed ring of protection from cold
 S - the ring "Nopumifa" (left hand) {rPois MP+9 Str+4 Int+4}
   (You found it on level 2 of the Lair of Beasts)

   [ring of intelligence]

   It affects your strength (+4).
   It affects your intelligence (+4).
   It protects you from poison.
   It affects your magic capacity (+9).
Wands
 M - a wand of digging (9/24)
Scrolls
 c - 6 scrolls of fear
 g - 7 scrolls of teleportation
 i - 6 scrolls of enchant armour
 k - a scroll of recharging
 u - 6 scrolls of enchant weapon
 x - a scroll of identify {@r1}
 y - 4 scrolls of magic mapping
 E - a scroll of remove curse {@r2}
 F - a scroll of acquirement {unknown}
 H - a scroll of holy word {unknown}
 J - 4 scrolls of fog
 O - a scroll of silence {unknown}
 T - a scroll of summoning {unknown}
 U - a scroll of vulnerability {unknown}
 V - a scroll of amnesia {unknown}
Potions
 b - 7 potions of mutation
 j - 6 potions of flight
 l - 3 potions of might
 o - 11 potions of curing {@q1}
 t - 2 potions of invisibility
 z - 4 potions of haste
 A - 4 potions of heal wounds
 B - 7 potions of berserk rage
 C - 6 potions of agility
 N - a potion of cancellation
 R - 6 potions of resistance
Comestibles
 d - 18 bread rations
 e - 14 meat rations
 f - 24 fruits
 K - 9 royal jellies


   Skills:
 + Level 16.7 Fighting
 + Level 16.3 Axes
 + Level 16.2 Armour
 + Level 15.7 Dodging
 - Level 1.5 Stealth


You had 14 spell levels left.
You didn't know any spells.

Dungeon Overview and Level Annotations

Branches:
Dungeon (15/15)            Temple (1/1) D:5            Lair (6/6) D:9
  Swamp (2/4) Lair:4        Snake (0/4) Lair:4        Slime (0/5) Lair:5
    Orc (2/2) D:11            Elf (0/3) Orc:2
 Vaults: D:13-14     Depths: D:15

Altars:
Ashenzari
Cheibriados
Dithmenos
Elyvilon
Fedhas
Gozag
Hepliaklqana
Kikubaaqudgha
Makhleb
Nemelex Xobeh
Okawaru
Qazlal
Ru
Sif Muna
Trog
Uskayaw
Vehumet
Wu Jian
Xom
Yredelemnul
Zin
The Shining One
Jiyva

Shops:
D:4 *   D:5 :   D:6 *   Orc:2 }[%*


Innate Abilities, Weirdness & Mutations

You reflexively headbutt those who attack you in melee.
You have a pair of horns on your head.
You are agile. (Dex +2)
You can translocate small distances at will.
You possess an exceptional clarity of mind.


Message History

You spin to attack the spriggan rider, but your attack speed is too slow for a blow to land.
The spriggan rider hits you from afar with an uncursed enchanted spear!!
* * * LOW HITPOINT WARNING * * *
The spriggan rider hits you with a spear.
* * * LOW HITPOINT WARNING * * *
The spriggan rider hits you from afar with an uncursed enchanted spear!
* * * LOW HITPOINT WARNING * * *
You see here a curare-tipped needle.
As you read the scroll of teleportation, it crumbles to dust.
You feel strangely unstable. The spriggan rider barely misses you.
The spriggan rider hits you but does no damage.
The swamp worm closely misses you.
The spriggan rider completely misses you.
You furiously retaliate!
You headbutt the spriggan rider!
You kill the hornet!
The Council accepts your kill.
The spriggan falls from its now dead mount.
Okay, then.
The spriggan rider hits you from afar with an uncursed enchanted spear!
You die...

≈≈♣$≈≈≈≈≈≈≈.≈≈♣
>...≈≈♣≈.≈≈≈≈.♣
≈♣≈≈.≈≈≈≈.≈≈♣≈..
≈≈≈≈..≈.≈.≈≈≈≈≈.
♣≈≈.≈...§≈≈≈≈≈≈≈≈..... ♣
♣.≈.≈.≈≈≈.≈≈≈≈≈≈≈≈.♣ §≈.
.≈.≈..≈(...≈≈≈≈)i≈♣≈≈.≈≈
♣.≈≈..≈...♣(§≈w(i≈.§..≈≈
♣≈≈≈...PP...≈.@(♣♣♣≈≈.≈≈
♣♣≈....P.≈.P...(♣♣ ♣≈.♣
♣.≈≈....≈≈.≈...≈≈♣♣♣ ♣.
♣♣.....≈≈≈≈≈≈P.≈≈♣.♣♣
♣♣.†..P.≈≈≈≈≈.P..≈...♣
♣..≈..P.≈≈≈≈≈≈....≈.♣♣
...≈≈♣..≈≈≈..P..≈..♣♣
♣≈.≈≈≈..P.≈........♣♣
≈≈≈≈.♣♣..PP...♣≈♣(..♣


You could see a spriggan rider, a swamp worm and a spriggan.

Vanquished Creatures
  4 thorn hunters (Swamp:2)
  A stone giant (Orc:2)
  A dire elephant (Lair:6)
  An ettin (Orc:1)
  Snorg (Lair:6)
  A fire dragon (Lair:6)
  The ghost of Dominolapin the Spear-Bearer, a journeyman MfGl of Yredelemnul (Bailey)
  A minotaur (Lab)
  Josephine (Orc:1)
  Fannar (Lair:1)
  6 alligators (Swamp:1)
  14 hydras
  A catoblepas (Lair:3)
  3 two-headed ogres
  6 orc high priests
  5 death yaks (Lair:5)
  The ghost of Kidiri the Thaumaturge, a novice DEFE of Vehumet (Lair:1)
  A fire crab (Lair:6)
  A wizard (D:14)
  5 swamp dragons
  3 shambling mangroves
  The ghost of kuniqs the Nimble, a novice TeGl of Wu Jian (D:8)
  5 orc knights
  A cyclops (D:10)
  3 orc sorcerers
  2 manticores
  6 black mambas
  4 molten gargoyles
  3 gargoyles (Volcano)
  16 spiny frogs
  10 komodo dragons
  A kobold demonologist (D:12)
  4 rime drakes
  2 tyrant leeches (Swamp:1)
  4 trolls
  9 hornets
  A polar bear (Lair:6)
  16 blink frogs
  Prince Ribbit (D:9)
  9 slime creatures
  8 hippogriffs
  A meliai zombie (D:13)
  5 bog bodies
  2 shadows
  3 spriggans
  52 yaks
  5 wyverns
  Eustachio (D:6)
  4 wraiths
  A hog (shapeshifter) (D:13)
  2 basilisks
  3 hungry ghosts
  3 steam dragons
  11 vampire mosquitoes
  6 insubstantial wisps (Swamp:2)
  Edmund (D:4)
  A naga (Lair:4)
  5 swamp worms
  A soldier ant (D:14)
  3 wargs (Orc:1)
  An acid dragon (D:9)
  6 hell hounds
  2 porcupines
  13 water moccasins
  34 orc warriors
  4 swamp drakes
  6 ice beasts
  5 sky beasts
  A necrophage (D:6)
  2 phantoms
  An eye of draining (D:13)
  8 centaurs
  13 ogres
  10 wolves
  15 crocodiles
  3 big kobolds
  12 bullfrogs
  8 gnoll sergeants (Bailey)
  A wyvern skeleton (D:13)
  3 scorpions
  14 killer bees
  4 electric eels
  4 howler monkeys
  2 crimson imps
  3 bullfrog zombies
  4 lava snakes (Lair:6)
  6 hounds
  6 jellies
  2 bullfrog skeletons
  7 gnoll shamans
  31 orc priests
  18 orc wizards
  4 iguanas
  4 worker ants
  3 hound skeletons
  A howler monkey zombie (D:7)
  A worker ant zombie (D:3)
  Robin (D:4)
  31 gnolls
  A howler monkey skeleton (D:11)
  11 adders
  4 shadow imps
  4 adder skeletons
  4 worms (D:2)
  2 dart slugs
  4 leopard geckos
  95 orcs
  A ball python (D:6)
  5 giant cockroaches
  18 goblins
  9 hobgoblins
  7 jackals
  9 quokkas
  A ball python skeleton (D:3)
  6 bats
  7 frilled lizards
  20 kobolds
  2 leopard gecko skeletons
  A quokka zombie (D:5)
  7 rats
  3 briar patches (Swamp:2)
  2 fungi (Lair:4)
  2 plants (Lair:3)
794 creatures vanquished.

Vanquished Creatures (others)
  A wyvern (D:8)
  A jelly (D:8)
  An adder zombie (D:8)
  An orc (Orc:2)
  3 briar patches (Swamp:2)
  11 fungi
  5 plants
23 creatures vanquished.

Grand Total: 817 creatures vanquished

Notes
Turn   | Place    | Note
-------+----------+-------------------------------------------
     0 | D:1      | kuniqs the Minotaur Monk began the quest for the Orb.
     0 | D:1      | Reached XP level 1. HP: 19/19 MP: 0/0
   117 | D:1      | Reached XP level 2. HP: 27/27 MP: 1/1
   432 | D:1      | Reached skill level 1 in Armour
   626 | D:1      | Reached XP level 3. HP: 33/33 MP: 2/2
  1322 | D:2      | Reached XP level 4. HP: 36/40 MP: 3/3
  2249 | D:3      | Reached XP level 5. HP: 44/47 MP: 4/4
  2402 | D:3      | Reached skill level 5 in Fighting
  2855 | D:3      | Reached skill level 5 in Axes
  2870 | D:3      | Reached XP level 6. HP: 47/56 MP: 5/5
  3069 | D:4      | Found Mrpher's Merry Market.
  3083 | D:4      | Bought a potion of might for 44 gold pieces
  3128 | D:4      | Noticed Edmund
  3147 | D:4      | Killed Edmund
  3147 | D:4      | Reached skill level 5 in Dodging
  3224 | D:4      | Found a snail-covered altar of Cheibriados.
  3226 | D:4      | Found a glowing golden altar of the Shining One.
  3228 | D:4      | Found a bloodstained altar of Trog.
  3347 | D:4      | Found a sacrificial altar of Ru.
  3382 | D:4      | Found a basalt altar of Yredelemnul.
  3452 | D:4      | Noticed Robin
  3479 | D:4      | Killed Robin
  3529 | D:5      | Entered Level 5 of the Dungeon
  3626 | D:5      | Reached XP level 7. HP: 59/62 MP: 6/6
  3812 | D:5      | Found a glowing golden altar of the Shining One.
  3922 | D:5      | Found an ancient bone altar of Kikubaaqudgha.
  3965 | D:5      | Found Eleruc's Book Boutique.
  4065 | D:5      | Found a staircase to the Ecumenical Temple.
  4075 | Temple   | Entered the Ecumenical Temple
  4182 | D:5      | Found a glowing silver altar of Zin.
  4315 | D:6      | Reached skill level 5 in Armour
  4353 | D:6      | Noticed Eustachio
  4388 | D:6      | Killed Eustachio
  4388 | D:6      | Reached XP level 8. HP: 56/71 MP: 7/7
  4987 | D:6      | Found Falux's General Store.
  4990 | D:6      | Bought 2 potions of heal wounds for 110 gold pieces
  4990 | D:6      | Bought a scroll of blinking for 82 gold pieces
  5169 | D:7      | Found a white marble altar of Elyvilon.
  5270 | D:7      | Noticed a komodo dragon
  6100 | D:8      | Reached XP level 9. HP: 63/80 MP: 8/8
  6106 | D:8      | Found an ornate altar of the Wu Jian Council.
  6119 | D:8      | Became a worshipper of the Wu Jian Council
  6119 | D:8      | Reached * piety under Wu Jian
  6119 | D:8      | Reached ** piety under Wu Jian
  6327 | D:8      | Noticed kuniqs's ghost (novice TeGl)
  7070 | D:8      | Killed kuniqs's ghost
  7158 | D:8      | Got a faintly humming scale mail
  7426 | D:8      | Noticed a two-headed ogre
  7432 | D:8      | Killed a two-headed ogre
  7562 | D:9      | Noticed Prince Ribbit
  7566 | D:9      | Killed Prince Ribbit
  7566 | D:9      | Reached XP level 10. HP: 79/90 MP: 9/9
  7664 | D:9      | Identified the cursed +1 scale mail of Insecurity {*Drain rElec rF++ Str+4} (You found it on level 8 of the Dungeon)
  7820 | D:9      | Found a staircase to the Lair.
  8056 | D:6      | Bought a scroll of remove curse for 33 gold pieces
  8182 | D:10     | Entered Level 10 of the Dungeon
  8313 | D:10     | Reached *** piety under Wu Jian
  8313 | D:10     | Reached skill level 10 in Axes
  8354 | D:10     | Reached skill level 10 in Fighting
  8790 | D:10     | Reached skill level 10 in Dodging
  8852 | D:10     | Gained mutation: You possess an exceptional clarity of mind. [potion of mutation]
  8852 | D:10     | Gained mutation: You can translocate small distances at will. [potion of mutation]
  8852 | D:10     | Gained mutation: You are agile. (Dex +2) [potion of mutation]
  8853 | D:10     | Found a radiant altar of Vehumet.
  8856 | D:10     | Reached skill level 10 in Armour
  8895 | D:10     | Reached XP level 11. HP: 96/100 MP: 10/10
  9415 | D:11     | Reached **** piety under Wu Jian
  9441 | D:11     | Found a flagged portal.
  9518 | Bailey   | Entered a bailey
  9611 | Bailey   | Noticed Dominolapin's ghost (journeyman MfGl)
  9669 | Bailey   | Killed Dominolapin's ghost
 10417 | D:11     | Found a staircase to the Orcish Mines.
 10425 | D:11     | Reached ***** piety under Wu Jian
 10750 | D:12     | Noticed an eight-headed hydra
 10761 | D:11     | Killed an eight-headed hydra
 10942 | D:12     | Noticed an eight-headed hydra
 10950 | D:12     | Killed an eight-headed hydra
 11187 | D:12     | Reached XP level 12. HP: 102/111 MP: 11/11
 11558 | D:12     | Found a shadowy altar of Dithmenos.
 12394 | D:14     | Noticed a two-headed ogre
 12405 | D:14     | Killed a two-headed ogre
 12425 | D:15     | Entered Level 15 of the Dungeon
 12542 | Orc:1    | Entered Level 1 of the Orcish Mines
 12578 | Orc:1    | Noticed a two-headed ogre
 12583 | Orc:1    | Killed a two-headed ogre
 12691 | Orc:2    | Entered Level 2 of the Orcish Mines
 12691 | Orc:2    | Noticed an ettin
 13005 | Orc:1    | Killed an ettin
 13537 | Orc:1    | Noticed Josephine
 13542 | Orc:2    | Reached ****** piety under Wu Jian
 13688 | Orc:1    | Reached XP level 13. HP: 93/121 MP: 12/12
 13694 | Orc:1    | Killed Josephine
 13872 | Orc:2    | Noticed a stone giant
 13911 | Orc:2    | Killed a stone giant
 15952 | Orc:2    | Found Qierhoiph's General Store.
 15954 | Orc:2    | Found Tisotso's Gadget Shop.
 15954 | Orc:2    | Found Heruff's Antique Armour Boutique.
 15955 | Orc:2    | Found Kupniem's Food Shop.
 16124 | Orc:2    | Found a staircase to the Elven Halls.
 16662 | Lair:1   | Entered Level 1 of the Lair of Beasts
 16668 | Lair:1   | Got a warped chain mail
 17076 | Lair:1   | Noticed Fannar
 17090 | Lair:1   | Killed Fannar
 17111 | Lair:1   | Identified the +4 chain mail of Vanity {rF++ Int-5 Dex+2} (You found it on level 1 of the Lair of Beasts)
 17214 | Lair:1   | Noticed Kidiri's ghost (novice DEFE)
 17222 | Lair:1   | Killed Kidiri's ghost
 17521 | Lair:2   | Got a scintillating lead ring
 18187 | Lair:3   | Reached XP level 14. HP: 72/132 MP: 13/13
 19098 | Lair:4   | Found a dark tunnel.
 19136 | Volcano  | Entered a volcano
 19675 | Lair:4   | Found a staircase to the Snake Pit.
 19885 | Lair:4   | Found a staircase to the Swamp.
 20072 | Lair:5   | Found a labyrinth entrance.
 20081 | Lab      | Entered a labyrinth
 20329 | Lab      | Reached skill level 15 in Fighting
 20350 | Lab      | Identified the ring "Nopumifa" {rPois MP+9 Str+4 Int+4} (You found it on level 2 of the Lair of Beasts)
 20807 | Lair:5   | Found a viscous altar of Jiyva.
 20807 | Lair:5   | Found a staircase to the Slime Pits.
 21161 | Lair:6   | Entered Level 6 of the Lair of Beasts
 21161 | Lair:6   | Noticed Snorg
 21170 | Lair:6   | Killed Snorg
 21170 | Lair:6   | Reached skill level 15 in Axes
 21364 | Lair:6   | Reached skill level 15 in Armour
 21380 | Lair:6   | Found a large runed door.
 22361 | Lair:6   | Reached XP level 15. HP: 101/142 MP: 14/14
 22373 | Lair:6   | Reached skill level 15 in Dodging
 22598 | Lair:6   | Found a large runed door.
 22794 | Swamp:1  | Entered Level 1 of the Swamp
 24170 | Swamp:2  | Noticed a thorn hunter
 24185 | Swamp:2  | Killed a thorn hunter
 24261 | Swamp:2  | Noticed a thorn hunter
 24263 | Swamp:2  | Noticed a thorn hunter
 24275 | Swamp:2  | Killed a thorn hunter
 24293 | Swamp:2  | Killed a thorn hunter
 24420 | Swamp:2  | Noticed a thorn hunter
 24439 | Swamp:2  | Killed a thorn hunter
 24811 | Swamp:2  | HP: 5/145 [spriggan rider/uncursed enchanted spear (10)]
 24813 | Swamp:2  | Slain by a spriggan rider

Vault maps used:
D:1:      dpeg_arrival_court
D:2:      first_bread
D:3:      serial_undead, serial_undead_a, serial_undead_a, serial_undead_b,
          serial_undead_f, serial_undead_b
D:4:      grunt_temple_overflow_open,
          chequers_temple_overflow_statue_of_worship,
          eino_small_chamber_without_monster, nicolae_alphabet_shops,
          uniq_robin, uniq_edmund
D:5:      kennysheep_mini, lemuel_coloured_pillars_altar,
          minmay_temple_entry_statues, serial_shops, shop_statue,
          nicolae_tso_swordbearing_angel
D:6:      serial_shops, shop, uniq_eustachio
D:7:      lemuel_ice_spiral_2, kennysheep_mini_moat
D:8:      lemuel_doored_altar, the_bakery, lemuel_flame_loot_1
D:9:      lair_entry_dummy, uniq_prince_ribbit1
D:10:     basic_altar, grunt_ministairs_11
D:11:     erik_orc_1, enter_bailey_3
D:12:     grunt_dithmenos_shadows
D:13:     nrook_mini_backslash
D:14:     david_vaults_4, serial_glass, glass_columns_a, glass_columns_a,
          uniq_nessos, uniq_louise
D:15:     hangedman_depths_entry_try_elsewhere_first, minivault_4, uniq_rupert,
          uniq_urug, uniq_kirke
Temple:   dshaligram_water_room_temple
Lair:1:   uniq_fannar
Lair:3:   hibernation_bobbens, lemuel_fruit_tree, grunt_megastairs_5
Lair:4:   minmay_swamp_entry_eels, guppyfry_snake_entry_garden, enter_volcano_3,
          lemuel_fruit_fields
Lair:5:   dpeg_slime_entry_enclosed_altar, lab_entry_generic, st_stairs_6,
          serial_bayou_shore_a
Lair:6:   cheibrodos_lair_end_hotspot, grunt_forest_large_clearing_hut,
          uniq_snorg
Swamp:1:  evilmike_swamp_ruin_house_1
Swamp:2:  nicolae_swamp_phyte_club, nicolae_swamp_fairy_circle
Orc:1:    uniq_josephine
Orc:2:    st_orc_pillars
Lab:      labyrinth_watery
Bailey:   bailey_polearm_gnolls_kennysheep, bailey
Volcano:  volcano_overflow

Skill      XL: |  1  2  3  4  5  6  7  8  9 10 11 12 13 14 15 |
---------------+----------------------------------------------+-----
Axes           | 4 5 6 7 9 10 11 13 14 15 16 | 16.3
Armour         | 1 2 3 4 5 6 8 10 11 12 14 15 16 | 16.2
Fighting       | 4 5 6 8 9 10 12 13 14 15 16 | 16.7
Dodging        | 4 5 6 7 8 10 11 12 13 14 15 | 15.7
Stealth        | |  1.5

Action                   |  1- 3 |  4- 6 |  7- 9 | 10-12 | 13-15 || total
-------------------------+-------+-------+-------+-------+-------++-------
Melee: Hand axe          |    91 |    27 |       |       |       ||   118
       Headbutt          |    20 |    34 |    70 |   241 |   303 ||   668
       Whip              |       |   185 |   427 |  1017 |   252 ||  1881
       Broad axe         |       |       |       |       |   293 ||   293
       Battleaxe         |       |       |       |       |   551 ||   551
Invok: Serpent's Lash    |       |       |       |     1 |     1 ||     2
       Heaven On Earth   |       |       |       |       |     1 ||     1
 Abil: Evoke Berserk Rag |       |       |     2 |     5 |     3 ||    10
Evoke: Wand              |       |       |       |     4 |     2 ||     6
  Use: Scroll            |       |     6 |     8 |     6 |    12 ||    32
       Potion            |       |       |       |     3 |     2 ||     5
 Stab: Distracted        |       |       |       |       |     1 ||     1
  Eat: Chunk             |     1 |     8 |     7 |    27 |    37 ||    80
       Royal jelly       |       |       |     2 |       |     2 ||     4
       Fruit             |       |       |     2 |       |       ||     2
Armor: Robe              |     1 |       |       |       |       ||     1
       Ring mail         |    15 |     5 |       |       |       ||    20
       Chain mail        |       |    29 |       |       |       ||    29
       Plate armour      |       |    88 |   229 |    33 |       ||   350
       Scale mail        |       |       |       |   204 |   215 ||   419
Dodge: Dodged            |    56 |    95 |   133 |   499 |   742 ||  1525
